 Dungeon Crawl Stone Soup version 0.29.0-4-gdea44cf6ec (webtiles) character file.

Game seed: 8096935493619032024

78 qw the Chopper (level 4, -3/26 HPs)
             Began as a Tengu Warper on Aug 28, 2022.
             Slain by Terence
             ... wielding a +0 flail
              (5 damage)
             ... on level 3 of the Dungeon.
             The game lasted 00:00:14 (2301 turns).

qw the Chopper (Tengu Warper)                       Turns: 2301, Time: 00:00:15

Health: -3/26      AC:  3    Str: 13    XL:     4   Next: 36%
Magic:  8/8        EV: 12    Int: 14    God:
Gold:   68         SH:  0    Dex: 13    Spells: 7/7 levels left

rFire   . . .      SeeInvis .   a - +0 war axe (vamp)
rCold   . . .      Faith    .   (no shield)
rNeg    . . .      Spirit   .   b - +0 leather armour
rPois   .          Reflect  .   (helmet restricted)
rElec   .          Harm     .   (no cloak)
rCorr   .          Rampage  .   (no gloves)
Will    .....                   (boots unavailable)
Stlth   +.........              (no amulet)
HPRegen 0.08/turn               (no ring)
MPRegen 0.11/turn               (no ring)

@: no status effects
A: beak, talons 3
a: no special abilities


You were on level 3 of the Dungeon.
You visited 1 branch of the dungeon, and saw 3 of its levels.

You collected 68 gold pieces.


Innate Abilities, Weirdness & Mutations

You have a beak for a mouth.
You have claws for feet.


   Skills:
 - Level 2.0 Fighting
 + Level 4.9 Axes
 - Level 1.0 Throwing
 - Level 1.1 Armour
 - Level 2.1 Dodging
 - Level 2.0 Spellcasting
 - Level 2.4 Translocations


You had 7 spell levels left.
You didn't know any spells.
Your spell library contained the following spells:

 Spells                   Type           Power      Damage    Failure   Level
 Blink                    Tloc           16%        N/A       17%         2
 Gell's Gravitas          Tloc           8%         N/A       34%         3
 Lesser Beckoning         Tloc           8%         N/A       34%         3
 Teleport Other           Tloc           8%         N/A       34%         3
 Manifold Assault         Tloc           8%         N/A       97%         5

Inventory:

Hand Weapons
 a - a +0 vampiric war axe (weapon)
 f - a +0 whip
Armour
 b - a +0 leather armour (worn)
 e - a +2 robe of willpower
Potions
 c - a potion of magic {unknown}
 d - a potion of haste {unknown}

Dungeon Overview and Level Annotations

Branches:
Dungeon (3/15)

Altars:
Sif Muna

Annotations:
D:3 Terence


Message History

You hit the goblin but do no damage. Your kick misses the goblin.
You peck the goblin, but do no damage. The goblin hits you but does no damage.
You barely miss the goblin. Your kick misses the goblin.
You peck the goblin, but do no damage. The goblin hits you but does no damage.
You hit the goblin. You claw the goblin.
You kill the goblin!
Found a scroll of noise.
Found a stone staircase leading up.
Enter note: Terence the Incautious comes into view.
He is wielding a +0 flail.
Terence shouts!
Terence moves out of view.
Enter note: Terence is nearby!
Terence shouts, "Now you die!"
You barely miss Terence. Your kick misses Terence.
You peck Terence, but do no damage. Terence closely misses you.
Terence hits you with a +0 flail.
You slash Terence!
Terence is heavily wounded.
Terence looks scornfully at you. Terence hits you with a +0 flail!
You barely miss Terence.
Terence is heavily wounded.
Terence closely misses you.
You closely miss Terence. Your peck misses Terence.
Terence is heavily wounded.
Terence closely misses you.
You hit Terence.
Terence is heavily wounded.
Terence hits you with a +0 flail. Terence barely misses you.
You barely miss Terence. Your kick misses Terence.
Terence is heavily wounded.
Terence hits you with a +0 flail.
You hit Terence but do no damage. You claw Terence, but do no damage.
Terence is heavily wounded.
Terence hits you with a +0 flail.
You die...

... ... ### #.#
#.# #.. ..# #.#
#.# #.# #.# #.#
#.# #.###.# #.# #
#.....###@#
#.#........@#
#####.#.#.#####.#
..<..............#
.#.###.#.#######..
.#.# #.#.# ###.
...# #.#.# .. ...#
#.#.##.### ..
...###..........
..#


You could see Terence.

Vanquished Creatures
  Jessica (D:3)
  A dart slug (D:1)
  2 endoplasms
  2 giant cockroaches
  6 goblins
  5 jackals (D:2)
  5 kobolds
  5 quokkas
  4 ball pythons
  6 bats
  6 frilled lizards (D:1)
  3 rats (D:1)
46 creatures vanquished.

Notes
Turn   | Place    | Note
-------+----------+-------------------------------------------
     0 | D:1      | qw the Tengu Warper began the quest for the Orb.
     0 | D:1      | Reached XP level 1. HP: 12/12 MP: 4/4
     0 | D:1      | 0 ||| qw: Version: 0.1-a-89-g26bdef1
     0 | D:1      | 0 ||| qw: Game counter: 2250
     0 | D:1      | 0 ||| qw: Always use a shield: true
     0 | D:1      | 0 ||| qw: God list: Okawaru
     0 | D:1      | 0 ||| qw: Allow faded altars: false
     0 | D:1      | 0 ||| qw: Do Orc after D:15 true
     0 | D:1      | 0 ||| qw: Do second Lair branch before Depths: true
     0 | D:1      | 0 ||| qw: Lair rune preference: random
     0 | D:1      | 0 ||| qw: Plans: Normal
     0 | D:1      | 0 ||| PLANNING D:1-11
   170 | D:1      | Reached XP level 2. HP: 14/17 MP: 6/6
   242 | D:1      | Reached skill level 3 in Axes
   502 | D:1      | 502 ||| Stepping ~*~*~tactically~*~*~ (stealth).
   555 | D:1      | 555 ||| Stepping ~*~*~tactically~*~*~ (hiding).
   902 | D:1      | Reached XP level 3. HP: 19/21 MP: 7/7
  1022 | D:1      | Noticed an eye of devastation
  1024 | D:1      | Found a faded altar of an unknown god.
  1026 | D:1      | Noticed a shining eye
  1026 | D:1      | Noticed a great orb of eyes
  1026 | D:1      | Noticed a shining eye
  1081 | D:1      | 1081 ||| READING scroll labelled MIGUIME WUEGU.
  1082 | D:1      | 1082 ||| READING scroll labelled JAQEJ OBUAG.
  1083 | D:1      | 1083 ||| READING scroll labelled WATSEU CIVUBRA.
  1083 | D:1      | Identified a scroll of acquirement
  1083 | D:1      | 1083 ||| ACQUIRING +0 vampiric war axe
  1083 | D:1      | Acquired a +0 vampiric war axe
  1091 | D:1      | 1091 ||| SWAPPING to +0 vampiric war axe.
  1097 | D:1      | 1097 ||| DROPPING +0 hand axe.
  1102 | D:1      | 1102 ||| Stepping ~*~*~tactically~*~*~ (stealth).
  1134 | D:1      | 1134 ||| Stepping ~*~*~tactically~*~*~ (stealth).
  1489 | D:1      | Reached skill level 4 in Axes
  1525 | D:1      | 1525 ||| READING 2 scrolls labelled YNAEKHL WERRAN.
  1526 | D:1      | 1526 ||| READING scroll labelled KILEMM PIUFF.
  1527 | D:1      | 1527 ||| DROPPING scroll of blinking.
  1528 | D:1      | 1528 ||| DROPPING scroll of summoning.
  1570 | D:2      | 1570 ||| STAIRDANCE
  1871 | D:2      | Found a shimmering blue altar of Sif Muna.
  2025 | D:2      | 2025 ||| READING scroll labelled APOKAO ECSAS.
  2026 | D:2      | 2026 ||| READING scroll labelled CALLAJ FAXZE.
  2029 | D:2      | 2029 ||| READING scroll labelled MIDOXO ZYRRARR.
  2030 | D:2      | 2030 ||| DRINKING 2 cyan potions.
  2079 | D:2      | 2079 ||| DROPPING potion of lignification.
  2117 | D:3      | Noticed Jessica
  2126 | D:3      | Killed Jessica
  2127 | D:3      | Reached XP level 4. HP: 20/26 MP: 8/8
  2289 | D:3      | Noticed Terence
  2299 | D:3      | HP: 4/26 [Terence/+0 flail (6)]
  2301 | D:3      | Slain by Terence

Levels and vault maps discovered:
D:1:      shiori_arrival_elements, layout_basic,
          hellmonk_ecumenical_altar_watching_god, hex_intersection
D:2:      layout_rooms, basic_altar
D:3:      layout_basic, lemuel_tele_altar, minitemple, minmay_hedge_maze,
          uniq_terence, uniq_jessica

Skill      XL: |  1  2  3 |
---------------+----------+-----
Axes           | 3 4 |  4.9
Fighting       | |  2.0
Throwing       | |  1.0
Armour         | |  1.1
Dodging        | |  2.1
Spellcasting   | |  2.0
Translocations | |  2.4

Action                   |  1- 3 |  4- 6 || total
-------------------------+-------+-------++-------
Melee: Hand axe          |    48 |       ||    48
       Kick              |    18 |     3 ||    21
       Peck              |     8 |     4 ||    12
       War axe           |    40 |    23 ||    63
Throw: Boomerang         |     7 |       ||     7
  Use: Scroll            |     8 |       ||     8
       Potion            |     1 |       ||     1
Armor: Leather armour    |    22 |    12 ||    34
Dodge: Dodged            |    54 |    21 ||    75

Table legend:
 A = Non-vault XP
 B = Vault XP
 C = Vault XP percentage of total XP
 D = Non-vault monster count
 E = Vault monster count
 F = Vault count percentage of total count
                 A         B        C        D         E       F
            +---------+---------+-------+---------+---------+-------
      Total |      75 |      37 |  33.0 |      45 |       1 |   2.2
            +---------+---------+-------+---------+---------+-------
        D:1 |      48 |       0 |   0.0 |      30 |       0 |   0.0
        D:2 |      19 |       0 |   0.0 |      10 |       0 |   0.0
        D:3 |       8 |      37 |  82.2 |       5 |       1 |  16.7
            +---------+---------+-------+---------+---------+-------
